 Dungeon Crawl Stone Soup version 0.29-a0-717-g6dac4ea423 (webtiles) character file.

Game seed: 7084314922309899883

104 wingedge the Covered (level 4, -6/29 HPs)
             Began as a Gargoyle Fighter on June 26, 2022.
             Mangled by Edmund
             ... wielding a +5 dire flail of draining
              (10 damage)
             ... on level 4 of the Dungeon.
             The game lasted 00:07:24 (2815 turns).

wingedge the Covered (Gargoyle Fighter)             Turns: 2815, Time: 00:07:25

Health: -6/29      AC: 17    Str: 22    XL:     4   Next: 80%
Magic:  4/4        EV: 10    Int:  8    God:
Gold:   79         SH:  4    Dex:  9    Spells: 3/3 levels left

rFire   . . .      SeeInvis .   a - +2 whip (elec)
rCold   . . .      Faith    .   c - +0 buckler
rNeg    + . .      Spirit   .   j - +0 plate armour
rPois   ∞          Reflect  .   n - +0 hat
rElec   +          Harm     .   h - +0 cloak
rCorr   .          Rampage  .   g - +0 pair of gloves
Will    +....                   (no boots)
Stlth   ..........              (no amulet)
HPRegen 0.09/turn               u - ring of willpower
MPRegen 0.09/turn               t - +4 ring of evasion

@: mighty
A: sickness immunity, AC +3, negative energy resistance 1, electricity
resistance, torment resistance 1, petrification resistance
a: no special abilities


You were on level 4 of the Dungeon.
You visited 1 branch of the dungeon, and saw 4 of its levels.

You collected 115 gold pieces.
You spent 36 gold pieces at shops.

Inventory:

Hand Weapons
 a - a +2 whip of electrocution (weapon)
 b - a +0 sling
Missiles
 l - 5 boomerangs (quivered)
Armour
 c - a +0 buckler (worn)
 g - a +0 pair of gloves (worn)
 h - a +0 cloak (worn)
 j - a +0 plate armour (worn)
 n - a +0 hat (worn)
Jewellery
 s - a ring of magical power
 t - a +4 ring of evasion (right hand)
 u - a ring of willpower (left hand)
Scrolls
 f - 6 scrolls of identify {unknown}
 m - a scroll of poison {unknown}
 o - a scroll of blinking {unknown}
 q - a scroll of summoning {unknown}
 v - a scroll of vulnerability {unknown}
Potions
 d - a potion of might
 e - 2 potions of resistance {unknown}
 i - 2 potions of curing
 k - a potion of invisibility {unknown}
 p - 2 potions of flight {unknown}
 r - a potion of ambrosia {unknown}


   Skills:
 + Level 3.8 Fighting
 * Level 3.3 Maces & Flails
 + Level 0.1 Ranged Weapons
 + Level 0.3 Throwing
 + Level 4.0 Armour
 + Level 3.8 Shields


You had 3 spell levels left.
You didn't know any spells.
Your spell library contained the following spells:

 Spells                   Type           Power      Damage    Failure   Level
 Leda's Liquefaction      Hex/Erth       0%         N/A       100%        4
 Lee's Rapid Deconstruct  Erth           0%         3d5*      100%        5
 Statue Form              Tmut/Erth      Unusable   N/A       N/A         6

Dungeon Overview and Level Annotations

Branches:
Dungeon (4/15)
 Temple: D:4-7

Altars:

Shops:
D:3 !

Annotations:
D:4 Edmund


Innate Abilities, Weirdness & Mutations

You are immune to sickness and miasma.
Your stone body is resilient. (AC +3)
You are immune to poison.
You resist negative energy. (rN+)
You are resistant to electric shocks. (rElec)
You are resistant to unholy torment.
You are immune to petrification.


Message History

There is a large open door here.
You open the door.
There is an open door here.
There is an open door here.
Done exploring.
There is a stone staircase leading down here.
You climb downwards.
Found a glass ring and a scroll labelled MAUTYXENUO.
There is a stone staircase leading up here.
u - a ring of willpower
v - a scroll labelled MAUTYXENUO You're wearing all the rings you can.
Remove which one? (? for menu, Esc to cancel) < or
s - a ring of magical power; > or
t - a +4 ring of evasion You remove your ring of magical power.
You feel your magic capacity decrease.
u - a ring of willpower (left hand) Edmund the Younger comes into view.
He is wielding a +5 dire flail of draining.
Edmund shouts!
Press: ? - help, v - describe, . - travel
Here: Edmund, wielding a +5 dire flail of draining and wearing a +0 leather armour The floor.
Unknown command.
You feel very mighty all of a sudden.
Throw: 5 boomerangs
Press: ? - help, Q - select action Shift-Dir - straight line, f - Edmund
Aim: Edmund, wielding a +5 dire flail of draining and wearing a +0 leather armour (54% to hit)
You throw a boomerang.
The boomerang hits Edmund but does no damage.
You hit Edmund but do no damage.
Edmund hits you with a +5 dire flail of draining!
You completely miss Edmund. Edmund hits you but does no damage.
You closely miss Edmund.
Edmund hits you with a +5 dire flail of draining!
Ouch! That really hurt!
* * * LOW HITPOINT WARNING * * *
Okay, then.
You whack Edmund!
Edmund is lightly wounded.
Edmund hits you with a +5 dire flail of draining!
You die...

.......
.......
....... ###
....... ##.#
..... ##..##
...
##....###@#
#.....#.@.##
##.........#
#..<......#
##........#
##..........
##.........
#..........
#..........
..........


You could see Edmund.

Vanquished Creatures
  4 adders (D:2)
  2 dart slugs (D:1)
  5 orcs (D:3)
  2 bats (D:2)
  3 endoplasms
  4 giant cockroaches
  4 hobgoblins
  5 jackals
  4 quokkas
  6 ball pythons
  6 frilled lizards
  3 goblins
  5 kobolds
  3 rats
56 creatures vanquished.

Vanquished Creatures (others)
  A fungus (D:2)
  9 plants (D:2)
10 creatures vanquished.

Grand Total: 66 creatures vanquished

Notes
Turn   | Place    | Note
-------+----------+-------------------------------------------
     0 | D:1      | wingedge the Gargoyle Fighter began the quest for the Orb.
     0 | D:1      | Reached XP level 1. HP: 14/14 MP: 1/1
   408 | D:1      | Reached XP level 2. HP: 19/19 MP: 2/2
  1072 | D:2      | Reached XP level 3. HP: 23/23 MP: 3/3
  1127 | D:2      | Found a faded altar of an unknown god.
  1488 | D:2      | Reached XP level 4. HP: 16/29 MP: 4/4
  2214 | D:3      | Found Qovegaeq's Distillery.
  2217 | D:3      | Bought a potion of curing for 36 gold pieces
  2654 | D:3      | Reached skill level 4 in Armour
  2809 | D:4      | Noticed Edmund
  2815 | D:4      | Mangled by Edmund

Illustrated notes

Levels and vault maps discovered:
D:1:      amcnicky_arrival_feature_with_door, layout_loops_ring,
          minmay_surrounded
D:2:      minmay_inner_zag, layout_loops_ring,
          shapermc_ecumenical_altar_mp_urbaneastern
D:3:      layout_basic, serial_shops, shop
D:4:      layout_cave_pools, nicolae_uskayaw_suspiria, serial_shops, shop, shop,
          uniq_blork_the_orc, uniq_edmund, uniq_pikel

Skill      XL: |  1  2  3  4 |
---------------+-------------+-----
Maces & Flails | 3 |  3.3
Armour         | 4 |  4.0
Fighting       | |  3.8
Ranged Weapons | |  0.1
Throwing       | |  0.3
Shields        | |  3.8

Action                   |  1- 3 |  4- 6 || total
-------------------------+-------+-------++-------
Melee: Flail             |   120 |    39 ||   159
       Whip              |       |    62 ||    62
Throw: Boomerang         |       |    17 ||    17
  Use: Potion            |       |     1 ||     1
Armor: Scale mail        |    45 |       ||    45
       Plate armour      |    35 |    59 ||    94
Dodge: Dodged            |    56 |    27 ||    83
Block: Buckler           |    27 |    24 ||    51

Table legend: (Time is in decaauts)
 A = Elapsed time spent in this place.
 B = Non-inter-level travel time spent in this place.
 C = Inter-level travel time spent in this place.
 D = Time resting spent in this place.
 E = Time spent auto-exploring this place.
 F = Levels seen in this place.
 G = Mean time per level.
                   A        B        C        D        E       F      G
               +--------+--------+--------+--------+--------+-----+--------+
         Total |   2866 |   2797 |     69 |    541 |   1646 |   4 |  716.5 |
       Dungeon |   2866 |   2797 |     69 |    541 |   1646 |   4 |  716.5 |
               +--------+--------+--------+--------+--------+-----+--------+

Top non-repeatable levels by time:
     D:2: 1137 daAuts
     D:1: 1027 daAuts
     D:3: 686 daAuts
     D:4: 16 daAuts
